TOP OF THE 1ST |
Milwaukee (WIN) Brewers batting - Pitching for Cincinnati (WIN) Reds : RHP Gil Villanueva
|
Pitching: RHP Gil Villanueva
|
|
Batting: LHB Alfredo de la Cruz
|
0-0: Called Strike 0-1: Foul Ball, location: 2F 0-2: Foul Ball, location: 2F 0-2: Strikes out swinging
|
Batting: LHB Rick Campbell
|
0-0: Ball 1-0: Fly out, F7 (Line Drive, 78M, EV 97.5 MPH)
|
Batting: LHB Gabe Harvey
|
0-0: Swinging Strike 0-1: Called Strike 0-2: Strikes out looking
|
Top of the 1st over - 0 runs, 0 hits, 0 errors, 0 left on base; Milwaukee (WIN) 0 - Cincinnati (WIN) 0 |
BOTTOM OF THE 1ST |
Cincinnati (WIN) Reds batting - Pitching for Milwaukee (WIN) Brewers : LHP Mike Moffett
|
Pitching: LHP Mike Moffett
|
|
Batting: RHB Joseph Kirchmann
|
0-0: Called Strike 0-1: Fly out, F4 (Popup, 4MD, EV 49.4 MPH)
|
Batting: RHB Bruno André
|
0-0: Called Strike 0-1: Called Strike 0-2: Ball 1-2: Foul Ball, location: 2F 1-2: Foul Ball, location: 2F 1-2: Strikes out swinging, 2-3 out at first.
|
Batting: RHB Juan Reyes
|
0-0: Foul Ball, location: 2F 0-1: Ball 1-1: Ball 2-1: Fly out, F7 (Flyball, 7S, EV 78.8 MPH)
|
Bottom of the 1st over - 0 runs, 0 hits, 0 errors, 0 left on base; Milwaukee (WIN) 0 - Cincinnati (WIN) 0 |
TOP OF THE 2ND |
Milwaukee (WIN) Brewers batting - Pitching for Cincinnati (WIN) Reds : RHP Gil Villanueva
|
Batting: RHB Mike Ball
|
0-0: Called Strike 0-1: Swinging Strike 0-2: Ball 1-2: Strikes out swinging
|
Batting: RHB Ben Taylor
|
0-0: Ball 1-0: Called Strike 1-1: DOUBLE (Flyball, 89D, EV 97.5 MPH)
|
Batting: RHB Vinny Estrada
|
0-0: Called Strike 0-1: Fly out, F8 (Line Drive, 89M, EV 98.1 MPH)
|
Batting: RHB Brian Landrum
|
0-0: Ball 1-0: Foul Ball, location: 2F 1-1: 2-RUN HOME RUN (Flyball, 9D, EV 99.4 MPH), Distance : 373 ft
|
Batting: RHB Frank Pena
|
0-0: Ball 1-0: Ball 2-0: Ball 3-0: Called Strike 3-1: Base on Balls
|
Batting: LHB Andy Buschlen
|
0-0: Ball 1-0: Foul Ball, location: 2F 1-1: Ball 2-1: Called Strike 2-2: Foul Ball, location: 2F 2-2: Strikes out looking
|
Top of the 2nd over - 2 runs, 2 hits, 0 errors, 1 left on base; Milwaukee (WIN) 2 - Cincinnati (WIN) 0 |
BOTTOM OF THE 2ND |
Cincinnati (WIN) Reds batting - Pitching for Milwaukee (WIN) Brewers : LHP Mike Moffett
|
Batting: SHB Kristian Kristensen
|
0-0: Ball 1-0: Foul Ball, location: 2F 1-1: Ground out 5-3 (Groundball, 56, EV 91.2 MPH)
|
Batting: LHB Matthew Berry
|
0-0: Foul Ball, location: 2F 0-1: Swinging Strike 0-2: Ball 1-2: Strikes out swinging
|
Batting: RHB Andy Bachman
|
0-0: Swinging Strike 0-1: Ball 1-1: Foul Ball, location: 2F 1-2: Strikes out looking
|
Bottom of the 2nd over - 0 runs, 0 hits, 0 errors, 0 left on base; Milwaukee (WIN) 2 - Cincinnati (WIN) 0 |
TOP OF THE 3RD |
Milwaukee (WIN) Brewers batting - Pitching for Cincinnati (WIN) Reds : RHP Gil Villanueva
|
Batting: LHB Alfredo de la Cruz
|
0-0: Ball 1-0: Fly out, F8 (Flyball, 8RD, EV 97.5 MPH)
|
Batting: LHB Rick Campbell
|
0-0: Foul Ball, location: 2F 0-1: Foul Ball, location: 2F 0-2: Foul Ball, location: 2F 0-2: Strikes out looking
|
Batting: LHB Gabe Harvey
|
0-0: Fly out, F4 (Popup, 4M, EV 68.8 MPH)
|
Top of the 3rd over - 0 runs, 0 hits, 0 errors, 0 left on base; Milwaukee (WIN) 2 - Cincinnati (WIN) 0 |
BOTTOM OF THE 3RD |
Cincinnati (WIN) Reds batting - Pitching for Milwaukee (WIN) Brewers : LHP Mike Moffett
|
Batting: RHB Chris Zamora
|
0-0: Called Strike 0-1: Swinging Strike 0-2: Strikes out swinging
|
Batting: SHB Tim Utz
|
0-0: SINGLE (Groundball, 56D, EV 100.0 MPH)
|
Batting: RHB Jake Savell
|
0-0: Foul Ball, location: 2F 0-1: DOUBLE (Line Drive, 78D, EV 102.5 MPH) Tim Utz to third Runner from 3rd tries for Home, throw by LF and OUT! 7-6-2 Jake Savell to third
|
Batting: RHB Joseph Kirchmann
|
0-0: Ball 1-0: Foul Ball, location: 2F 1-1: Foul Ball, location: 2F 1-2: Ball 2-2: Strikes out swinging
|
Bottom of the 3rd over - 0 runs, 2 hits, 0 errors, 1 left on base; Milwaukee (WIN) 2 - Cincinnati (WIN) 0 |
TOP OF THE 4TH |
Milwaukee (WIN) Brewers batting - Pitching for Cincinnati (WIN) Reds : RHP Gil Villanueva
|
Batting: RHB Mike Ball
|
0-0: Foul Ball, location: 2F 0-1: Ground out 6-3 (Groundball, 6S, EV 85.0 MPH)
|
Batting: RHB Ben Taylor
|
0-0: Fly out, F8 (Flyball, 8RD, EV 100.0 MPH)
|
Batting: RHB Vinny Estrada
|
0-0: Called Strike 0-1: Ball 1-1: Ground out U3 (Groundball, 13, EV 81.9 MPH)
|
Top of the 4th over - 0 runs, 0 hits, 0 errors, 0 left on base; Milwaukee (WIN) 2 - Cincinnati (WIN) 0 |
BOTTOM OF THE 4TH |
Cincinnati (WIN) Reds batting - Pitching for Milwaukee (WIN) Brewers : LHP Mike Moffett
|
Batting: RHB Bruno André
|
0-0: Swinging Strike 0-1: Called Strike 0-2: Foul Ball, location: 2F 0-2: Ball 1-2: Reaches on Catchers interference
|
Batting: RHB Juan Reyes
|
0-0: Ball 1-0: SINGLE (Groundball, 6, EV 95.0 MPH) Bruno André to second
|
Batting: SHB Kristian Kristensen
|
0-0: Called Strike 0-1: Foul Ball, location: 2F 0-2: Ball 1-2: Strikes out swinging
|
Batting: LHB Matthew Berry
|
0-0: Fly out, F9 (Flyball, 89M, EV 81.9 MPH)
|
Batting: RHB Andy Bachman
|
0-0: Called Strike 0-1: Ball 1-1: Ball 2-1: Ball 3-1: Base on Balls Bruno André to third Juan Reyes to second
|
Batting: RHB Chris Zamora
|
0-0: Called Strike 0-1: Ball 1-1: Swinging Strike 1-2: Ball 2-2: Foul Ball, location: 2F 2-2: Strikes out swinging
|
Bottom of the 4th over - 0 runs, 1 hit, 1 error, 3 left on base; Milwaukee (WIN) 2 - Cincinnati (WIN) 0 |
TOP OF THE 5TH |
Milwaukee (WIN) Brewers batting - Pitching for Cincinnati (WIN) Reds : RHP Gil Villanueva
|
Batting: RHB Brian Landrum
|
0-0: Ball 1-0: Ball 2-0: Called Strike 2-1: Ground out 2-3 (Groundball, 2R, EV 67.5 MPH)
|
Batting: RHB Frank Pena
|
0-0: Called Strike 0-1: DOUBLE (Groundball, 5L, EV 107.5 MPH)
|
Batting: LHB Andy Buschlen
|
0-0: Ground out 4-3 (Groundball, 4, EV 101.9 MPH) Frank Pena to third
|
Batting: LHB Alfredo de la Cruz
|
0-0: Reached on error, E7 (Flyball, 7, EV 88.8 MPH) Frank Pena scores
|
Batting: LHB Rick Campbell
|
0-0: SINGLE (Line Drive, 78S, EV 98.8 MPH) Alfredo de la Cruz to third Runner from 3rd tries for Home, SAFE, throw by LF to home
|
Batting: LHB Gabe Harvey
|
0-0: Called Strike 0-1: Fly out, F7 (Flyball, 7D, EV 105.0 MPH)
|
Top of the 5th over - 2 runs, 2 hits, 1 error, 1 left on base; Milwaukee (WIN) 4 - Cincinnati (WIN) 0 |
BOTTOM OF THE 5TH |
Cincinnati (WIN) Reds batting - Pitching for Milwaukee (WIN) Brewers : LHP Mike Moffett
|
Batting: SHB Tim Utz
|
0-0: Ball 1-0: Called Strike 1-1: Ball 2-1: Foul Ball, location: 2F 2-2: Foul Ball, location: 2F 2-2: Ball 3-2: Foul Ball, location: 2F 3-2: Strikes out swinging
|
Batting: RHB Jake Savell
|
0-0: Called Strike 0-1: Ball 1-1: Foul Ball, location: 2F 1-2: Ball 2-2: Ball 3-2: SINGLE (Line Drive, 9LM, EV 106.9 MPH)
|
Batting: RHB Joseph Kirchmann
|
0-0: Ball 1-0: Foul Ball, location: 2F 1-1: Called Strike 1-2: Fielders Choice at 2nd, 1-4 (Groundball, 15S, EV 61.9 MPH)
|
Batting: RHB Bruno André
|
0-0: Called Strike 0-1: Ball 1-1: Foul Ball, location: 2F 1-2: Foul Ball, location: 2F 1-2: Fly out, F7 (Flyball, 7, EV 86.2 MPH)
|
Bottom of the 5th over - 0 runs, 1 hit, 0 errors, 1 left on base; Milwaukee (WIN) 4 - Cincinnati (WIN) 0 |
TOP OF THE 6TH |
Milwaukee (WIN) Brewers batting - Pitching for Cincinnati (WIN) Reds : RHP Gil Villanueva
|
Batting: RHB Mike Ball
|
0-0: Ball 1-0: Ball 2-0: Ball 3-0: Base on Balls
|
Batting: RHB Ben Taylor
|
0-0: Ball 1-0: Called Strike 1-1: Ball 2-1: Ball 3-1: Called Strike 3-2: Base on Balls Mike Ball to second
|
Batting: RHB Vinny Estrada
|
0-0: Swinging Strike 0-1: Ball 1-1: Fly out, F8 (Flyball, 8RS, EV 81.2 MPH)
|
Batting: RHB Brian Landrum
|
0-0: Called Strike 0-1: Swinging Strike 0-2: Fielders Choice at 2nd, 5-4 (Groundball, 5, EV 86.2 MPH) Mike Ball to third
|
Batting: RHB Frank Pena
|
0-0: Ball 1-0: Foul Ball, location: 2F 1-1: Called Strike 1-2: Strikes out swinging
|
Top of the 6th over - 0 runs, 0 hits, 0 errors, 2 left on base; Milwaukee (WIN) 4 - Cincinnati (WIN) 0 |
BOTTOM OF THE 6TH |
Cincinnati (WIN) Reds batting - Pitching for Milwaukee (WIN) Brewers : LHP Mike Moffett
|
Batting: RHB Juan Reyes
|
0-0: Called Strike 0-1: Foul Ball, location: 2F 0-2: Ball 1-2: Ball 2-2: Strikes out swinging
|
Pitching: LHP Brian Rich
|
|
Batting: SHB Kristian Kristensen
|
0-0: Ball 1-0: Ball 2-0: Called Strike 2-1: Foul Ball, location: 2F 2-2: Strikes out swinging, 2-3 out at first.
|
Batting: LHB Matthew Berry
|
0-0: Swinging Strike 0-1: Swinging Strike 0-2: Foul Ball, location: 2F 0-2: Strikes out swinging
|
Bottom of the 6th over - 0 runs, 0 hits, 0 errors, 0 left on base; Milwaukee (WIN) 4 - Cincinnati (WIN) 0 |
TOP OF THE 7TH |
Milwaukee (WIN) Brewers batting - Pitching for Cincinnati (WIN) Reds : RHP Gil Villanueva
|
Batting: LHB Andy Buschlen
|
0-0: Foul Ball, location: 2F 0-1: Foul Ball, location: 2F 0-2: Ground out 4-3 (Groundball, 34, EV 99.4 MPH)
|
Batting: LHB Alfredo de la Cruz
|
0-0: Ground out 4-3 (Groundball, 4, EV 83.1 MPH)
|
Batting: LHB Rick Campbell
|
0-0: Called Strike 0-1: Hit by Pitch
|
Batting: LHB Gabe Harvey
|
Pickoff Throw to First - Out! 1-3
|
Top of the 7th over - 0 runs, 0 hits, 0 errors, 0 left on base; Milwaukee (WIN) 4 - Cincinnati (WIN) 0 |
BOTTOM OF THE 7TH |
Cincinnati (WIN) Reds batting - Pitching for Milwaukee (WIN) Brewers : LHP Brian Rich
|
Batting: RHB Andy Bachman
|
0-0: Called Strike 0-1: Ball 1-1: Foul Ball, location: 2F 1-2: Ball 2-2: Foul Ball, location: 2F 2-2: Strikes out swinging
|
Batting: RHB Chris Zamora
|
0-0: Called Strike 0-1: Ball 1-1: Swinging Strike 1-2: Foul Ball, location: 2F 1-2: Strikes out swinging
|
Batting: SHB Tim Utz
|
0-0: Called Strike 0-1: Foul Ball, location: 2F 0-2: Strikes out swinging
|
Bottom of the 7th over - 0 runs, 0 hits, 0 errors, 0 left on base; Milwaukee (WIN) 4 - Cincinnati (WIN) 0 |
TOP OF THE 8TH |
Milwaukee (WIN) Brewers batting - Pitching for Cincinnati (WIN) Reds : RHP Gil Villanueva
|
Batting: LHB Gabe Harvey
|
0-0: DOUBLE (Line Drive, 78D, EV 113.1 MPH)
|
Batting: RHB Mike Ball
|
0-0: Ball 1-0: Ball 2-0: Ball 3-0: Called Strike 3-1: Called Strike 3-2: Base on Balls
|
Batting: RHB Ben Taylor
|
0-0: SINGLE (Groundball, 6MD, EV 105.6 MPH) Gabe Harvey to third Mike Ball to second
|
Batting: RHB Vinny Estrada
|
0-0: Foul Ball, location: 2F 0-1: Ball Wild Pitch! Gabe Harvey scores Mike Ball to third Ben Taylor to second 1-1: Foul Ball, location: 2F 1-2: Strikes out swinging
|
Batting: RHB Brian Landrum
|
0-0: Ball 1-0: Ball 2-0: Ball Wild Pitch! Mike Ball scores Ben Taylor to third 3-0: Called Strike 3-1: Swinging Strike 3-2: Foul Ball, location: 2F 3-2: SINGLE (Groundball, 6MD, EV 105.6 MPH) Ben Taylor scores
|
Pitching: RHP Gilbert Paparelli
|
|
Batting: RHB Frank Pena
|
0-0: Ball 1-0: Ball Brian Landrum is caught stealing 2nd base 2-4 2-0: Foul Ball, location: 2F 2-1: Swinging Strike 2-2: Ball 3-2: Strikes out swinging
|
Top of the 8th over - 3 runs, 3 hits, 0 errors, 0 left on base; Milwaukee (WIN) 7 - Cincinnati (WIN) 0 |
BOTTOM OF THE 8TH |
Cincinnati (WIN) Reds batting - Pitching for Milwaukee (WIN) Brewers : LHP Brian Rich
|
Batting: RHB Jake Savell
|
0-0: Ball 1-0: Foul Ball, location: 2F 1-1: Swinging Strike 1-2: Strikes out swinging
|
Batting: RHB Joseph Kirchmann
|
0-0: Called Strike 0-1: Called Strike 0-2: Ball 1-2: Foul Ball, location: 2F 1-2: Fly out, F8 (Flyball, 8RM, EV 86.2 MPH)
|
Batting: RHB Bruno André
|
0-0: Swinging Strike 0-1: Ball 1-1: Ball 2-1: Ball 3-1: Base on Balls
|
Batting: RHB Juan Reyes
|
0-0: Ball 1-0: Ball 2-0: Ball 3-0: Called Strike 3-1: Foul Ball, location: 2F 3-2: Strikes out swinging
|
Bottom of the 8th over - 0 runs, 0 hits, 0 errors, 1 left on base; Milwaukee (WIN) 7 - Cincinnati (WIN) 0 |
TOP OF THE 9TH |
Milwaukee (WIN) Brewers batting - Pitching for Cincinnati (WIN) Reds : RHP Gilbert Paparelli
|
Batting: LHB Andy Buschlen
|
0-0: DOUBLE (Line Drive, 9LM, EV 103.8 MPH)
|
Batting: LHB Alfredo de la Cruz
|
0-0: Called Strike 0-1: Ball 1-1: Fly out, F7 (Flyball, 7D, EV 104.4 MPH)
|
Pinch Hitting: RHB Juan Villanueva
|
0-0: Ball 1-0: SINGLE (Groundball, 4MD, EV 95.0 MPH) Andy Buschlen to third Runner from 3rd tries for Home, SAFE, throw by CF to home
|
Batting: LHB Gabe Harvey
|
0-0: Called Strike 0-1: Foul Ball, location: 2F 0-2: Fly out, F5 (Popup, 56, EV 67.5 MPH)
|
Batting: RHB Mike Ball
|
0-0: Ball 1-0: Ball 2-0: Called Strike 2-1: Called Strike 2-2: Strikes out swinging
|
Top of the 9th over - 1 run, 2 hits, 0 errors, 1 left on base; Milwaukee (WIN) 8 - Cincinnati (WIN) 0 |
BOTTOM OF THE 9TH |
Cincinnati (WIN) Reds batting - Pitching for Milwaukee (WIN) Brewers : LHP Brian Rich
|
Now at 2B: Brian Landrum
|
|
Now at SS: Juan Villanueva
|
|
Batting: SHB Kristian Kristensen
|
0-0: Ball 1-0: Ball 2-0: Called Strike 2-1: Ball 3-1: Called Strike 3-2: Strikes out swinging
|
Batting: LHB Matthew Berry
|
0-0: Ball 1-0: Foul Ball, location: 2F 1-1: Foul Ball, location: 2F 1-2: Ball 2-2: Strikes out swinging
|
Batting: RHB Andy Bachman
|
0-0: Swinging Strike 0-1: Ball 1-1: Called Strike 1-2: Ball 2-2: Strikes out swinging
|
Bottom of the 9th over - 0 runs, 0 hits, 0 errors, 0 left on base; Milwaukee (WIN) 8 - Cincinnati (WIN) 0 |
|